 Dungeon Sprint DCSS version 0.28-a0-1199-gef9e1dbd39 (webtiles) character file.

Game seed: 12469777697752142397

5345 mhtbhm the Impaler (level 10, -7/156 HPs)
             Began as a Minotaur Berserker on Dec 20, 2021.
             Was a High Priest of Trog.
             Mangled by Agnes (10 damage)
             ... in the Dungeon (Sprint IV: "Fedhas' Mad Dash").
             The game lasted 00:04:38 (2645 turns).

mhtbhm the Impaler (Minotaur Berserker)             Turns: 2645, Time: 00:04:39

Health: -7/156     AC:  9    Str: 27    XL:     10   Next: 38%
Magic:  9/9        EV: 13    Int: 10    God:    Trog [*****.]
Gold:   220        SH:  0    Dex:  9    Spells: 9/9 levels left

rFire   . . .      SeeInvis .   a - +3 glaive
rCold   . . .      Faith    .   (shield currently unavailable)
rNeg    . . .      Spirit   .   b - +1 scale mail {Will+}
rPois   .          Reflect  .   (helmet restricted)
rElec   .          Harm     .   (no cloak)
rCorr   .          Rampage  .   (no gloves)
Will    ++...      NoTele   +   (no boots)
Stlth   ..........              j - amulet of invisibility {+Inv}
HPRegen 0.36/turn               n - ring of willpower
MPRegen 0.11/turn               q - +6 ring of intelligence

@: berserking (expiring), very quick
A: horns 2, retaliatory headbutt
a: Renounce Religion, Evoke Invisibility, Berserk, Trog's Hand, Brothers in Arms


You were in the Dungeon.
You worshipped Trog.
Trog was extremely pleased with you.
You visited 1 branch You collected 220 gold pieces.

Inventory:

Hand Weapons
 a - a +3 glaive (weapon)
Armour
 b - a +1 scale mail of willpower (worn)
Jewellery
 j - the amulet of invisibility (around neck) {+Inv}
   (You found it in the Dungeon)

   [amulet of nothing]

   +Inv:      It lets you turn invisible.
 n - a ring of willpower (left hand)
 q - a +6 ring of intelligence (right hand)
Scrolls
 h - a scroll of blinking
 i - a scroll of magic mapping {unknown}
 m - a scroll of amnesia {unknown}
 p - a scroll of torment {unknown}
Potions
 c - a potion of curing
 d - a potion of heal wounds
 e - 2 potions of haste
 f - 2 potions of magic
 g - a potion of berserk rage
 k - a potion of ambrosia {unknown}
 o - a potion of mutation {unknown}
Miscellaneous
 l - a condenser vane


   Skills:
 + Level 14.6 Fighting
 + Level 16.5 Polearms
 + Level 9.2 Armour
 + Level 9.5 Dodging
 + Level 7.5 Stealth
 + Level 9.4 Evocations


You had 9 spell levels left.
You didn't know any spells.
Your spell library was empty.

Dungeon Overview and Level Annotations

Branches:
Dungeon (1/1)

Altars:
Cheibriados
Dithmenos
Elyvilon
Gozag
Hepliaklqana
Kikubaaqudgha
Makhleb
Nemelex Xobeh
Okawaru
Qazlal
Ru
Sif Muna
Trog
Uskayaw
Vehumet
Wu Jian
Xom
Yredelemnul
Zin
The Shining One
Beogh
Jiyva
Lugonu

Shops:
D [*[!*!

Annotations:
D Agnes


Innate Abilities, Weirdness & Mutations

You have a pair of horns on your head.
You reflexively headbutt those who attack you in melee.


Message History

Agnes hits you with a +1 lajatang of electrocution!!
Your cyclops completely misses Agnes.
You are too injured to fight recklessly!
You are too injured to fight recklessly!
You are too injured to fight recklessly!
You are too injured to fight recklessly!
You are too injured to fight recklessly!
You are too injured to fight recklessly!
You are too injured to fight recklessly!
You are too injured to fight recklessly!
You barely miss Agnes. Your headbutt misses Agnes.
Agnes is lightly wounded.
Agnes hits you with a +1 lajatang of electrocution!!
You miss Agnes.
Agnes is lightly wounded.
Your cyclops hits Agnes.
Agnes hits you with a +1 lajatang of electrocution!
* * * LOW HITPOINT WARNING * * *
You slice Agnes!! Your headbutt misses Agnes.
Agnes is moderately wounded.
Agnes completely misses you.
Your cyclops barely misses Agnes.
You barely miss Agnes. Your headbutt misses Agnes.
Agnes is moderately wounded.
Agnes closely misses you. You furiously retaliate!
You headbutt Agnes! You closely miss Agnes.
Agnes is heavily wounded.
Agnes hits you with a +1 lajatang of electrocution!
* * * LOW HITPOINT WARNING * * *
You are electrocuted!
* * * LOW HITPOINT WARNING * * *
Your cyclops barely misses Agnes.
You completely miss Agnes. Your headbutt misses Agnes.
Agnes is heavily wounded.
Agnes hits you with a +1 lajatang of electrocution!!
* * * LOW HITPOINT WARNING * * *
Unknown command.
You closely miss Agnes. You headbutt Agnes.
Agnes is heavily wounded.
Agnes hits you with a +1 lajatang of electrocution!
You die...

#################################
.#.⌠._._._._.⌠.#.))...#....##∩##.
.'.._._._._._..'.)#...#....'..##'
.#..._._._._...#..###'##.((##∩#.=
##.._._._._._..#..##∩∩.'.).#####.
.#._._._._._.⌠.#################.
.###################.....)###....
##♣♣♣♣♣..♣.###.'@('.......)))...♣
'......♣..♣##:.#iC#.......#######
#♣..♣♣♣.♣).###.##'##.P....#
#.♣♣..♣...♣'...#♣.♣######## ##
#############... ♣..♣ .... ♣....
#####


You could see Agnes (ally target) and a friendly cyclops (summoned, berserk).

Vanquished Creatures
  A spriggan druid (D)
  6 oklob plants (D)
  A demonic crawler (D)
  3 burning bushes (D)
  3 wandering mushrooms (D)
  A queen bee (D)
  A hornet (D)
  3 scorpions (D)
  4 killer bees (D)
  5 oklob saplings (D)
  5 spriggans (D)
  A river rat (D)
  A rat (D)
35 creatures vanquished.

Vanquished Creatures (others)
  A ballistomycete spore (D)
  A fungus (D)
2 creatures vanquished.

Grand Total: 37 creatures vanquished

Notes
Turn   | Place    | Note
-------+----------+-------------------------------------------
     0 | D        | mhtbhm the Minotaur Berserker began the quest for the Orb.
     0 | D        | Reached XP level 1. HP: 19/19 MP: 0/0
     8 | D        | Reached skill level 4 in Polearms
     8 | D        | Reached XP level 2. HP: 28/28 MP: 1/1
   148 | D        | Noticed an oklob sapling
   151 | D        | Killed an oklob sapling
   151 | D        | Reached ** piety under Trog
   152 | D        | Reached skill level 5 in Fighting
   152 | D        | Reached skill level 6 in Polearms
   152 | D        | Reached XP level 3. HP: 21/37 MP: 2/2
   331 | D        | Noticed a scorpion
   331 | D        | Found the amulet of invisibility {+Inv}
   338 | D        | Killed a scorpion
   339 | D        | Reached skill level 7 in Polearms
   339 | D        | Reached XP level 4. HP: 33/47 MP: 3/3
   535 | D        | Found an opulent altar of Gozag.
   535 | D        | Found a hazy altar of Hepliaklqana.
   535 | D        | Found a burning altar of Makhleb.
   535 | D        | Found a sparkling altar of Nemelex Xobeh.
   535 | D        | Found a snail-covered altar of Cheibriados.
   535 | D        | Found a sacrificial altar of Ru.
   535 | D        | Found a shimmering blue altar of Sif Muna.
   535 | D        | Found a shimmering altar of Xom.
   535 | D        | Found a basalt altar of Yredelemnul.
   536 | D        | Found a viscous altar of Jiyva.
   536 | D        | Found a bloodstained altar of Trog.
   536 | D        | Found an ornate altar of the Wu Jian Council.
   537 | D        | Found an iron altar of Okawaru.
   537 | D        | Found a shadowy altar of Dithmenos.
   537 | D        | Found a glowing silver altar of Zin.
   538 | D        | Found an ancient bone altar of Kikubaaqudgha.
   538 | D        | Found a hide-covered altar of Uskayaw.
   539 | D        | Found a stormy altar of Qazlal.
   539 | D        | Found a white marble altar of Elyvilon.
   539 | D        | Found a glowing golden altar of the Shining One.
   540 | D        | Found a corrupted altar of Lugonu.
   540 | D        | Found a radiant altar of Vehumet.
   547 | D        | Reached skill level 8 in Polearms
   547 | D        | Reached skill level 1 in Evocations
   547 | D        | Reached XP level 5. HP: 53/53 MP: 1/4
   654 | D        | Reached skill level 9 in Polearms
   658 | D        | Reached *** piety under Trog
   659 | D        | Reached skill level 5 in Armour
   662 | D        | Reached skill level 10 in Polearms
   662 | D        | Reached skill level 5 in Dodging
   662 | D        | Reached XP level 6. HP: 66/66 MP: 5/5
   704 | D        | Found Poicuhil's Assorted Antiques.
   704 | D        | Found Junoetuq's Armour Emporium.
   916 | D        | Noticed a queen bee
   926 | D        | Reached skill level 10 in Fighting
   926 | D        | Reached **** piety under Trog
   927 | D        | Reached skill level 1 in Stealth
   930 | D        | Reached skill level 11 in Polearms
   940 | D        | Killed a queen bee
   941 | D        | Reached skill level 12 in Polearms
   941 | D        | Reached XP level 7. HP: 74/74 MP: 4/6
   975 | D        | Noticed an oklob plant
   988 | D        | Killed an oklob plant
   989 | D        | Reached skill level 13 in Polearms
   989 | D        | Reached XP level 8. HP: 83/83 MP: 7/7
  1098 | D        | Noticed a burning bush
  1109 | D        | Killed a burning bush
  1109 | D        | Reached ***** piety under Trog
  1110 | D        | Reached skill level 5 in Evocations
  1196 | D        | Noticed a burning bush
  1196 | D        | Noticed an oklob plant
  1197 | D        | Noticed a wandering mushroom
  1204 | D        | Killed a burning bush
  1292 | D        | Killed a wandering mushroom
  1293 | D        | Reached skill level 14 in Polearms
  1435 | D        | Killed an oklob plant
  1436 | D        | Reached XP level 9. HP: 93/93 MP: 6/8
  1526 | D        | Noticed a burning bush
  1526 | D        | Noticed a wandering mushroom
  1527 | D        | Noticed a wandering mushroom
  1530 | D        | Killed a wandering mushroom
  1530 | D        | Received a gift from Trog
  1532 | D        | Killed a wandering mushroom
  1533 | D        | Reached skill level 15 in Polearms
  1543 | D        | Killed a burning bush
  1593 | D        | Found Rusut's Distillery.
  1593 | D        | Found Ufotz's Armour Shoppe.
  1683 | D        | Noticed a spriggan druid
  1689 | D        | Killed a spriggan druid
  1690 | D        | Reached skill level 5 in Stealth
  1732 | D        | Noticed an oklob plant conjurer
  1734 | D        | Killed an oklob plant conjurer
  1876 | D        | Noticed an oklob plant
  1876 | D        | Noticed an oklob plant summoner
  1877 | D        | Noticed an oklob plant shifter
  1885 | D        | Killed an oklob plant
  1886 | D        | Reached XP level 10. HP: 61/104 MP: 7/9
  1890 | D        | Killed an oklob plant summoner
  1891 | D        | Reached skill level 16 in Polearms
  1895 | D        | Killed an oklob plant shifter
  2136 | D        | Reached ****** piety under Trog
  2365 | D        | Noticed a spriggan rider
  2366 | D        | Found Veil's General Store.
  2371 | D        | Received a gift from Trog
  2567 | D        | Found Raxza Afeffu's Distillery.
  2628 | D        | Noticed Agnes
  2644 | D        | HP: 3/156 [Agnes (24)]
  2645 | D        | Mangled by Agnes

Illustrated notes

Levels and vault maps discovered:
D:        dungeon_sprint_fedhas [sprint_temple]

Skill      XL: |  1  2  3  4  5  6  7  8  9 10 |
---------------+-------------------------------+-----
Fighting       | 4 5 7 8 9 11 12 13 14 | 14.6
Polearms       | 4 6 7 8 10 12 13 14 15 16 | 16.5
Armour         | 3 4 5 6 7 8 9 |  9.2
Dodging        | 3 4 5 6 7 8 9 |  9.5
Evocations     | 1 2 4 6 8 9 |  9.4
Stealth        | 2 3 6 7 |  7.5

Action                   |  1- 3 |  4- 6 |  7- 9 | 10-12 || total
-------------------------+-------+-------+-------+-------++-------
Melee: Spear             |    12 |    33 |    58 |       ||   103
       Headbutt          |     2 |     1 |    15 |     4 ||    22
       Glaive            |       |       |    14 |    48 ||    62
Invok: Berserk           |     3 |     5 |     7 |     3 ||    18
       Brothers in Arms  |       |       |       |     1 ||     1
 Abil: Evoke Invisibilit |       |     3 |     5 |       ||     8
 Stab: Invisible         |       |     1 |     4 |     2 ||     7
       Distracted        |       |       |     1 |       ||     1
       Sleeping          |       |       |     1 |       ||     1
Armor: Scale mail        |       |       |     1 |     9 ||    10
Dodge: Dodged            |       |    10 |     7 |    12 ||    29

Table legend: (Time is in decaauts)
 A = Elapsed time spent in this place.
 B = Non-inter-level travel time spent in this place.
 C = Inter-level travel time spent in this place.
 D = Time resting spent in this place.
 E = Time spent auto-exploring this place.
 F = Levels seen in this place.
 G = Mean time per level.
                   A        B        C        D        E       F      G
               +--------+--------+--------+--------+--------+-----+--------+
         Total |   2755 |   2719 |     36 |   2121 |      3 |   1 | 2755.0 |
       Dungeon |   2755 |   2719 |     36 |   2121 |      3 |   1 | 2755.0 |
               +--------+--------+--------+--------+--------+-----+--------+

Top non-repeatable levels by time:
       D: 2755 daAuts
